 Dungeon Crawl Stone Soup version 0.29.1-2-gbd0b4ee654 (webtiles) character file.

Game seed: 8731895633236368205

7 lmSkywalker the Ducker (level 2, 0/22 HPs)
             Began as a Merfolk Gladiator on Nov 30, 2022.
             Slain by Sigmund
             ... wielding a +0 scythe
              (8 damage)
             ... on level 2 of the Dungeon.
             The game lasted 00:01:45 (409 turns).

lmSkywalker the Ducker (Merfolk Gladiator)           Turns: 409, Time: 00:01:46

Health: 0/22       AC:  4    Str: 14    XL:     2   Next: 0%
Magic:  2/2        EV: 13    Int:  7    God:
Gold:   1          SH:  0    Dex: 15    Spells: 1/1 levels left

rFire   . . .      SeeInvis .   a - +0 trident
rCold   . . .      Faith    .   (no shield)
rNeg    . . .      Spirit   .   b - +0 leather armour
rPois   .          Reflect  .   c - +0 helmet
rElec   .          Harm     .   (no cloak)
rCorr   .          Rampage  .   (no gloves)
Will    .....                   (no boots)
Stlth   +.........              (no amulet)
HPRegen 0.07/turn               (no ring)
MPRegen 0.08/turn               (no ring)

@: confused, weak-willed
A: (nimble swimmer 2), mertail
a: no special abilities


You were on level 2 of the Dungeon.
You visited 1 branch of the dungeon, and saw 2 of its levels.

You collected 1 gold pieces.

Inventory:

Hand Weapons
 a - a +0 trident (weapon)
Missiles
 d - 3 throwing nets (quivered)
 e - a javelin
Armour
 b - a +0 leather armour (worn)
 c - a +0 helmet (worn)
Scrolls
 h - a scroll of silence {unknown}
 j - a scroll of butterflies {unknown}
Potions
 f - 2 potions of haste {unknown}
 i - a potion of degeneration {unknown}


   Skills:
 - Level 2.1 Fighting
 + Level 4.2 Polearms
 - Level 2.0 Throwing
 + Level 4.2 Dodging
 + Level 0.9 Stealth


You had one spell level left.
You didn't know any spells.
Your spell library was empty.

Dungeon Overview and Level Annotations

Branches:
Dungeon (1/15)

Altars:

Annotations:
D:2 Jessica, Sigmund


Innate Abilities, Weirdness & Mutations

((You are very nimble when in or above water. (Stealth+, EV+, Speed+++)))
Your lower body shifts to a powerful aquatic tail in water.


Message History

The shaft crumbles and collapses.
Press: ? - help, v - describe, . - travel A dispersal trap.
Sigmund and a rat come into view.
Found a scroll labelled ZANNIA RAODIDE and a scroll labelled FELLIH JASAB.
Sigmund moves out of view.
Found 6 javelins and a scroll labelled WOSASI NITWA.
Jessica the Apprentice Sorceress comes into view.
She is wielding a +2 dagger of electrocution.
Press: ? - help, . - travel You can't see that place.
Jessica shouts!
Sigmund breathes a few words.
Sigmund's hands start flickering wildly.
Jessica casts a spell.
Jessica blinks!
Found 3 stones.
You see here a scroll labelled WOSASI NITWA.
Sigmund points at you and mumbles some strange words.
The puff of flame hits you!
Found a robe.
You see here 3 stones.
A hobgoblin comes into view.
Found a scroll labelled DAYSHY OCASU.
The hobgoblin shouts!
Really walk into that dispersal trap?
You enter a dispersal trap!
Sigmund blinks!
The hobgoblin blinks!
You blink.
Sigmund mumbles some strange words.
Sigmund flickers and vanishes!
Deactivating autopickup; reactivate with Ctrl-A.
Found 17 gold pieces.
A magic dart appears from out of thin air!
The magic dart hits you!
An endoplasm comes into view.
As you read the scroll labelled NEICIRINOR, it crumbles to dust.
The endoplasm quivers.
Magic quickly surges around you.
It was a scroll of vulnerability.
Something hits you.
You are confused.
You bump into the rock wall.
Something hits you!
You die...

.##?.#..#.##..####
.###...... ##..g.#
##..... ####{#
##.... #.### #....
#..$## #....
###..# ... ##.#
.....########.#
......J.@.{##.#
##########.g..##
###...# #####


You could see an endoplasm (weak-willed) and a hobgoblin.

Vanquished Creatures
  2 hobgoblins (D:1)
  A frilled lizard (D:1)
  A kobold (D:1)
  4 rats (D:1)
8 creatures vanquished.

Notes
Turn   | Place    | Note
-------+----------+-------------------------------------------
     0 | D:1      | lmSkywalker the Merfolk Gladiator began the quest for the
                  | Orb.
     0 | D:1      | Reached XP level 1. HP: 16/16 MP: 1/1
   346 | D:1      | Reached XP level 2. HP: 22/22 MP: 2/2
   359 | D:1      | You fall into a shaft and drop 1 floor!
   361 | D:2      | Noticed Sigmund
   367 | D:2      | Noticed Jessica
   409 | D:2      | Slain by Sigmund

Illustrated notes

Levels and vault maps discovered:
D:1:      minmay_arrival_four_houses, layout_rooms,
          ebering_ecumenical_altar_hall
D:2:      layout_rooms, kennysheep_another_room, uniq_sigmund, uniq_terence,
          uniq_jessica

Action                   || total
-------------------------++-------
Melee: Trident           ||    31
  Use: Scroll            ||     1
 Stab: Sleeping          ||     1
Armor: Leather armour    ||     4
Dodge: Dodged            ||     9
